Map: Backwater LE

Players

Serral

  • Race: Zerg Zerg
  • Spawn Location: 11:00

Classic - Winner!

  • Race: Protoss Protoss
  • Spawn Location: 5:00

Event: IEM Season 12 - Katowice

VOD

Have the link to the VOD?

Description

Time

  • Played on: March 4, 2018, 5:07 a.m.
  • Length: 10:49

All games in this series

Show
View Real Time Build Order
Export as new Build Order

Serral Zerg 

Build Orders: Hatch First 

Get SALT Encoding   

  12  0:00  Drone  
  13  0:12  Overlord  
  13  0:16  Drone  
  14  0:31  Drone x2  
  16  0:48  Hatchery  
  15  0:51  Drone  
  15  0:55  Drone  
  17  0:58  Drone  
  18  1:05  Extractor  
  17  1:13  Spawning Pool  
  17  1:17  Drone  
  17  1:22  Drone  
  18  1:28  Drone  
  19  1:41  Drone  
  20  1:50  Drone  
  21  1:54  Hatchery  
  20  2:02  Queen  
  20  2:08  Metabolic Boost  
  22  2:12  Zergling x2  
  22  2:15  Drone  
  24  2:18  Drone  
  25  2:23  Overlord  
  25  2:27  Drone  
  25  2:29  Zergling x2  
  27  2:35  Zergling x2  
  28  2:41  Queen  
  29  2:56  Zergling x10  
  34  3:05  Evolution Chamber, Overlord  
  33  3:06  Zergling x2  
  33  3:10  Zergling x2  
  35  3:13  Zergling x6  
  35  3:17  Zergling x2  
  35  3:19  Zergling x2  
  41  3:20  Zergling x2  
  41  3:36  Zergling x6  
  41  3:40  Zergling x6  
  47  3:43  Zergling x4  
  47  3:45  Zergling x2  
  50  3:51  Overlord  
  50  3:54  Overlord  
  49  4:10  Zergling x2  
  49  4:13  Zergling x2  
  49  4:14  Zergling x4  
  49  4:15  Zergling x2  
  49  4:17  Zergling x6  
  49  4:19  Zergling x2  
  49  4:23  Zergling x2  
  50  4:25  Zergling x2  
  50  4:27  Zergling x2  
  42  4:32  Zergling x2  
  42  4:34  Queen  
  42  4:36  Drone  
  42  4:38  Drone  
  47  4:42  Drone  
  47  4:47  Drone  
  47  4:48  Drone  
  47  4:51  Spore Crawler x2  
  47  4:54  Drone  
  47  4:58  Spore Crawler  
  47  4:59  Drone  
  48  5:02  Drone  
  48  5:07  Overlord  
  49  5:13  Overlord  
  49  5:18  Overlord  
  49  5:26  Drone x5  
  54  5:30  Drone x2  
  54  5:34  Drone  
  56  5:37  Drone x2  
  56  5:38  Drone  
  56  5:41  Drone  
  58  5:45  Zerg Melee Weapons Level 1  
  58  5:48  Drone x2  
  60  5:54  Drone x2  
  60  5:55  Baneling Nest  
  60  5:56  Drone  
  62  5:58  Drone  
  62  6:01  Overlord  
  62  6:03  Drone  
  62  6:04  Drone  
  65  6:08  Overlord  
  65  6:17  Drone  
  66  6:19  Queen  
  66  6:24  Drone  
  66  6:25  Drone x3  
  70  6:26  Drone  
  70  6:30  Spore Crawler  
  72  6:32  Lair  
  72  6:34  Extractor  
  72  6:35  Extractor  
  72  6:36  Drone x3  
  72  6:39  Queen  
  75  6:42  Drone x2  
  75  6:46  Overlord  
  77  6:51  Drone x4  
  77  6:53  Spore Crawler  
  80  6:57  Zergling x4  
  82  7:02  Spine Crawler, Overlord  
  82  7:03  Queen  
  82  7:08  Spore Crawler  
  82  7:11  Zergling x2  
  82  7:12  Zergling x10  
  82  7:13  Baneling x2  
  87  7:21  Zergling x10  
  90  7:29  Zergling x10  
  92  7:32  Baneling x2  
  87  7:39  Zergling x12  
  84  7:47  Drone  
  84  7:49  Drone  
  84  7:54  Queen, Extractor  
  84  7:55  Hydralisk Den  
  84  8:01  Drone x6  
  80  8:06  Zerg Melee Weapons Level 2  
  80  8:07  Zergling x2  
  80  8:10  Queen, Baneling x2  
  83  8:18  Extractor  
  82  8:22  Drone x5  
  82  8:24  Overseer, Muscular Augments  
  82  8:26  Pneumatized Carapace  
  87  8:27  Drone  
  87  8:28  Drone  
  87  8:31  Zergling x6  
  86  8:53  Drone x3  
  86  8:54  Drone  
  89  8:55  Hatchery  
  89  8:56  Extractor, Zergling x4  
  89  8:57  Overseer  
  89  9:03  Overlord  
  89  9:06  Hydralisk x4  
  97  9:16  Overlord  
  97  9:22  Overlord x2, Hydralisk  
  97  9:23  Hydralisk x3  
  105  9:29  Overlord x3  
  105  9:34  Queen, Overlord  
  107  9:46  Drone x5  
  107  9:48  Drone x2  
  114  9:53  Infestation Pit  
  114  9:55  Baneling x4  
  114  9:59  Drone  
  115  10:00  Drone x4  
  115  10:03  Hydralisk x2  
  122  10:10  Baneling  
  122  10:11  Baneling x7, Zergling x10  
  127  10:15  Baneling x4  
  127  10:17  Baneling x4  
  127  10:20  Zergling x14  
  134  10:27  Zergling x4  
  133  10:30  Zergling x4  
Show
View Real Time Build Order
Export as new Build Order

Classic Protoss - Winner!

Build Orders: 1 Gate Expand, Oracle Opening, Phoenix Opening, Archon Immortal, Zealot Archon 

Get SALT Encoding   

  12  0:00  Probe  
  13  0:12  Probe  
  14  0:17  Pylon  
  14  0:24  Probe (Chrono Boost)  
  15  0:36  Probe (Chrono Boost)  
  15  0:38  Gateway  
  16  0:45  Probe (Chrono Boost)  
  16  0:47  Assimilator  
  17  0:51  Probe  
  18  1:03  Probe  
  19  1:15  Probe  
  20  1:24  Nexus  
  20  1:27  Probe  
  21  1:39  Cybernetics Core  
  21  1:40  Probe  
  21  1:45  Assimilator  
  22  1:52  Pylon  
  22  1:55  Probe  
  23  2:10  Probe  
  23  2:13  Adept (Chrono Boost)  
  26  2:17  Stargate  
  26  2:23  Probe  
  26  2:24  Warp Gate  
  27  2:32  Adept  
  27  2:35  Probe (Chrono Boost)  
  27  2:36  Probe (Chrono Boost)  
  32  2:45  Probe x2 (Chrono Boost)  
  32  2:50  Probe x2 (Chrono Boost)  
  33  2:58  Oracle (Chrono Boost)  
  35  3:01  Probe  
  35  3:03  Probe  
  40  3:08  Pylon  
  40  3:10  Adept  
  42  3:13  Probe  
  42  3:15  Probe  
  44  3:25  Probe  
  45  3:27  Probe  
  45  3:28  Phoenix (Chrono Boost)  
  48  3:38  Pylon  
  48  3:41  Shield Battery  
  48  3:45  Adept  
  48  3:46  Shield Battery  
  54  3:58  Pylon, Shield Battery  
  54  4:02  Pylon  
  54  4:03  Void Ray  
  54  4:11  Pylon  
  54  4:19  Gateway  
  54  4:20  Gateway  
  54  4:22  Gateway  
  45  4:32  Probe x2 (Chrono Boost)  
  47  4:44  Probe (Chrono Boost)  
  49  4:45  Probe (Chrono Boost)  
  49  4:46  Twilight Council  
  50  4:54  Probe (Chrono Boost)  
  50  4:55  Probe (Chrono Boost)  
  50  4:56  Robotics Facility  
  50  4:59  Probe x2 (Chrono Boost)  
  56  5:08  Assimilator  
  56  5:09  Oracle (Chrono Boost)  
  56  5:10  Probe x2  
  56  5:12  Assimilator  
  58  5:16  Pylon  
  58  5:22  Probe x2  
  60  5:32  Gateway  
  60  5:34  Probe  
  60  5:35  Probe  
  62  5:44  Charge (Chrono Boost)  
  62  5:47  Probe x2, Pylon  
  64  5:50  Templar Archives  
  64  5:51  Warp Prism (Chrono Boost)  
  66  5:59  Probe x2  
  68  6:12  Probe x2  
  70  6:26  Nexus  
  70  6:27  Pylon  
  70  6:29  Probe  
  70  6:30  Probe  
  72  6:36  Gateway x2  
  72  6:43  Gateway  
  72  6:46  High Templar x4  
  80  6:50  Archon x2  
  80  6:52  Gateway  
  80  6:53  Pylon  
  80  6:56  Pylon  
  80  6:59  Probe x2  
  82  7:03  Observer  
  82  7:04  Forge  
  83  7:11  Probe x2  
  85  7:18  Zealot x4  
  93  7:47  Zealot x5  
  93  7:48  Zealot x2  
  93  7:51  Probe (Chrono Boost), Protoss Ground Weapons Level 1 (Chrono Boost)  
  101  7:54  Probe x2 (Chrono Boost)  
  101  7:56  Assimilator  
  101  7:57  Assimilator  
  99  8:02  Probe (Chrono Boost)  
  92  8:06  Probe x2 (Chrono Boost)  
  92  8:07  Probe (Chrono Boost)  
  92  8:10  High Templar x2  
  92  8:12  High Templar x2  
  93  8:14  Probe x2, Immortal (Chrono Boost)  
  93  8:15  Archon  
  93  8:16  Pylon, Psionic Storm  
  93  8:17  Probe  
  100  8:26  Probe x2  
  102  8:31  Probe  
  103  8:35  Gateway  
  103  8:36  Gateway  
  103  8:38  Probe  
  103  8:39  Probe  
  103  8:40  Pylon  
  105  8:46  Immortal (Chrono Boost)  
  109  8:53  High Templar  
  109  8:54  High Templar  
  109  8:55  Pylon  
  113  8:56  Pylon  
  113  9:12  Gateway  
  113  9:13  Gateway  
  113  9:18  Immortal (Chrono Boost)  
  117  9:24  High Templar x2  
  117  9:25  Zealot x3  
  127  9:36  Pylon  
  127  9:38  Nexus  
  127  9:40  Archon  
  127  9:44  Photon Cannon  
  127  9:45  Immortal  
  127  9:54  High Templar x2  
  127  9:55  Pylon, Zealot x5  
  145  10:01  Archon, Photon Cannon  
  145  10:10  Photon Cannon  
  145  10:12  Probe x3, Assimilator  
  148  10:15  High Templar  
  148  10:16  High Templar  
  148  10:17  Assimilator  
  148  10:20  Archon  
  152  10:21  Zealot x2  
  152  10:22  Zealot x2  
  138  10:46  Archon x2  

Tags
 
Add a new tag
Caveats
  • Supply blocks, unpowered buildings, or Contaminate may cause inaccurate times.
  • Supply counts are checked every 10 seconds.